Map: Neon Violet Square LE

Players

TYTY (TY) - Winner!

  • Race: Terran Terran
  • Spawn Location: 5:00

GuMiho

  • Race: Terran Terran
  • Spawn Location: 11:00

Event: IEM Season 12 - Katowice

VOD

Have the link to the VOD?

Description

Time

  • Played on: March 1, 2018, 7:46 a.m.
  • Length: 11:20

All games in this series

Show
View Real Time Build Order
Export as new Build Order

TYTY Terran - Winner!

Build Orders: Mech 

Get SALT Encoding   

  12  0:00  SCV  
  13  0:12  SCV  
  14  0:21  Supply Depot  
  14  0:24  SCV  
  15  0:43  Barracks  
  15  0:46  Refinery  
  15  0:49  SCV  
  16  1:01  Barracks  
  16  1:05  SCV  
  17  1:17  SCV  
  18  1:30  Reaper, Orbital Command  
  19  1:44  Supply Depot  
  19  1:47  Reaper  
  20  1:57  SCV  
  21  2:05  Reaper  
  22  2:09  SCV  
  23  2:22  Command Center  
  23  2:24  Reaper  
  23  2:26  SCV  
  25  2:39  Supply Depot  
  25  2:42  SCV  
  26  2:45  Refinery  
  26  2:51  Marine  
  26  2:58  Marine  
  27  3:00  SCV  
  27  3:03  Factory  
  28  3:18  SCV  
  26  3:30  SCV  
  27  3:34  Orbital Command  
  27  3:37  Bunker  
  27  3:42  SCV  
  27  3:43  Orbital Command  
  27  3:47  Cyclone  
  31  3:49  Starport  
  31  3:54  SCV  
  32  4:07  SCV  
  33  4:10  SCV  
  34  4:19  Cyclone, SCV  
  34  4:23  SCV  
  39  4:29  Command Center  
  39  4:36  SCV  
  40  4:39  SCV  
  42  4:48  SCV  
  42  4:51  SCV  
  43  4:53  Barracks Reactor  
  43  5:00  SCV  
  43  5:01  Cyclone  
  43  5:03  SCV  
  43  5:04  Starport Tech Lab  
  46  5:12  Supply Depot, SCV  
  47  5:15  SCV  
  47  5:18  Refinery  
  47  5:21  Refinery  
  48  5:24  SCV  
  48  5:27  SCV  
  50  5:29  Marine x2  
  50  5:33  Raven  
  54  5:36  SCV  
  54  5:39  SCV  
  54  5:42  Factory Tech Lab  
  55  5:47  Orbital Command, Marine x2  
  55  5:49  SCV  
  58  5:51  SCV  
  59  6:01  SCV  
  59  6:03  SCV  
  60  6:06  Marine x2  
  61  6:13  SCV  
  61  6:15  SCV  
  61  6:16  SCV  
  61  6:17  Siege Tank  
  61  6:18  Raven  
  69  6:20  Supply Depot  
  69  6:24  Marine x2  
  69  6:25  SCV  
  72  6:29  SCV x2  
  73  6:34  Factory  
  73  6:37  SCV  
  71  6:41  SCV x2  
  71  6:42  Command Center  
  71  6:43  Marine x2  
  75  6:49  SCV  
  75  6:53  SCV x2  
  75  6:54  Siege Tank  
  81  6:59  Supply Depot  
  81  7:00  Supply Depot  
  77  7:02  SCV  
  77  7:05  SCV x2  
  77  7:07  Factory  
  80  7:11  Refinery  
  80  7:12  Starport Reactor, Refinery  
  80  7:20  SCV x2  
  80  7:26  Siege Tank  
  80  7:28  Armory x2  
  80  7:29  SCV  
  84  7:33  SCV  
  84  7:36  SCV  
  86  7:38  Hellion x2  
  86  7:41  SCV  
  91  7:45  SCV  
  91  7:46  Supply Depot  
  91  7:48  Viking, SCV  
  91  7:49  Viking  
  91  7:50  Siege Tank  
  100  7:53  SCV, Engineering Bay  
  100  7:57  SCV, Orbital Command  
  102  8:00  SCV  
  102  8:01  Siege Tank  
  107  8:05  SCV  
  107  8:06  Liberator x2  
  107  8:07  Hellion  
  107  8:09  SCV  
  107  8:12  SCV  
  109  8:17  SCV  
  106  8:21  SCV  
  106  8:24  SCV  
  106  8:26  Orbital Command, Terran Vehicle Weapons Level 1  
  114  8:29  Terran Vehicle And Ship Armor Level 1, SCV  
  115  8:34  Siege Tank  
  115  8:35  Hellion x2  
  115  8:37  Supply Depot, SCV  
  115  8:38  Supply Depot  
  123  8:45  SCV  
  123  8:48  SCV  
  124  8:51  Factory  
  124  8:54  Factory  
  124  8:57  Supply Depot  
  124  8:58  Supply Depot  
  124  8:59  SCV x2  
  124  9:00  Hellion x2  
  124  9:02  SCV x2  
  132  9:07  Missile Turret  
  132  9:10  Refinery  
  132  9:11  SCV x2, Refinery  
  132  9:13  Siege Tank  
  132  9:16  Siege Tank  
  140  9:19  SCV x2  
  142  9:25  SCV x2, Hellion x5  
  142  9:26  Hellion  
  142  9:27  Supply Depot x2  
  142  9:31  SCV x2  
  148  9:37  SCV, Factory Tech Lab, Factory Reactor  
  149  9:38  Viking  
  149  9:39  Viking  
  151  9:46  Siege Tank  
  151  9:47  Hellion  
  151  9:48  Hellion, Siege Tank  
  161  9:58  Hellion  
  161  10:02  SCV x2  
  161  10:03  SCV  
  159  10:08  Viking, Hellion  
  161  10:15  Hellion x3  
  161  10:16  SCV x2  
  161  10:18  Siege Tank  
  172  10:25  Siege Tank  
  172  10:26  Supply Depot x2  
  170  10:30  Viking  
  170  10:42  Siege Tank  
  148  10:43  Hellion x2  
  148  10:44  SCV x2  
  134  10:52  Hellion  
  142  11:17  Starport  
  139  11:19  Command Center  
Show
View Real Time Build Order
Export as new Build Order

GuMiho Terran 

Build Orders: Cyclone Opening, Gas First Reaper Expand, Reaper Expand 

Get SALT Encoding   

  12  0:00  SCV  
  13  0:12  SCV  
  14  0:17  Supply Depot  
  14  0:24  SCV  
  15  0:29  Refinery  
  15  0:39  SCV  
  16  0:45  Barracks  
  16  0:51  SCV  
  17  1:03  SCV  
  18  1:15  SCV  
  19  1:31  Orbital Command  
  19  1:32  Reaper  
  20  1:44  Command Center  
  20  1:55  Factory  
  20  1:58  SCV  
  21  2:04  Refinery  
  21  2:10  Barracks Reactor, SCV  
  22  2:16  Supply Depot  
  22  2:22  SCV  
  22  2:34  SCV  
  22  2:40  Cyclone  
  24  2:46  SCV  
  24  2:48  Marine x2  
  23  2:58  SCV  
  23  2:59  Starport  
  23  3:05  Marine  
  23  3:06  Marine  
  23  3:10  SCV  
  24  3:19  Cyclone  
  27  3:23  SCV, Liberator  
  27  3:35  SCV  
  31  3:45  Supply Depot  
  31  4:07  SCV  
  32  4:17  Command Center  
  32  4:19  SCV  
  33  4:26  Starport Tech Lab  
  33  4:31  SCV  
  33  4:32  Supply Depot  
  34  4:43  SCV  
  35  4:46  Banshee  
  35  4:47  Cloaking Field  
  38  4:55  SCV  
  36  5:04  Cyclone  
  39  5:08  Cyclone  
  39  5:10  SCV  
  43  5:22  SCV  
  44  5:29  Banshee  
  44  5:30  Orbital Command  
  44  5:34  SCV  
  48  5:46  SCV  
  49  5:54  Command Center  
  49  5:58  SCV  
  49  5:59  SCV  
  51  6:10  SCV  
  52  6:12  Banshee  
  52  6:16  SCV  
  53  6:21  Cyclone  
  53  6:22  SCV  
  53  6:23  Cyclone  
  60  6:30  Supply Depot  
  60  6:38  SCV x2  
  62  6:43  Supply Depot  
  62  6:44  Refinery  
  62  6:45  Refinery  
  62  6:52  SCV x2  
  58  7:02  Banshee  
  58  7:04  SCV x2  
  63  7:11  Barracks Reactor  
  63  7:13  Orbital Command, Factory  
  63  7:16  SCV x2  
  63  7:22  Hellion x2  
  66  7:28  SCV  
  66  7:29  SCV  
  68  7:30  Armory  
  68  7:31  Armory  
  68  7:40  SCV x2  
  68  7:41  SCV  
  68  7:43  Hellion  
  68  7:44  Hellion  
  75  7:45  Raven  
  75  7:49  Refinery  
  77  7:52  SCV  
  77  7:53  SCV x2  
  77  7:54  Refinery  
  77  7:56  Supply Depot  
  80  8:05  SCV x2  
  82  8:08  Cyclone x2  
  88  8:13  SCV  
  88  8:17  SCV x2  
  91  8:22  Terran Vehicle And Ship Armor Level 1, Terran Vehicle Weapons Level 1  
  91  8:25  SCV  
  89  8:29  SCV x2  
  89  8:31  Hellion x2  
  89  8:32  Factory  
  95  8:36  Supply Depot  
  95  8:42  Viking  
  95  8:43  Command Center  
  95  8:48  SCV x3  
  100  8:51  Engineering Bay  
  100  8:57  Barracks Tech Lab  
  100  8:59  Supply Depot  
  100  9:01  Supply Depot, SCV x3  
  103  9:03  Factory  
  103  9:04  Factory  
  103  9:08  Factory  
  103  9:13  SCV x2  
  105  9:22  Cyclone x4  
  117  9:24  SCV  
  117  9:25  SCV  
  117  9:30  SCV  
  120  9:35  Supply Depot, Refinery x2  
  120  9:36  SCV  
  121  9:51  Hellion  
  121  9:52  Hellion  
  125  9:55  Cyclone, Hellion x3  
  125  9:59  Hellion  
  127  10:13  Hellion x2  
  125  10:17  Hellion, SCV x2  
  123  10:21  Orbital Command  
  123  10:27  Cyclone x2  
  123  10:28  Hellion x2  
  125  10:34  Hellion x2  
  126  10:42  SCV x2  
  95  10:47  Cyclone  
  95  10:49  Hellion  
  80  10:54  SCV  
  80  10:55  SCV x2  
  80  10:56  Hellion x2  
  71  11:06  SCV  
  71  11:07  SCV  

Tags
 
Add a new tag
Caveats
  • Supply blocks, unpowered buildings, or Contaminate may cause inaccurate times.
  • Supply counts are checked every 10 seconds.